 Dungeon Crawl Stone Soup version 0.31.0-11-ge490571c62 (webtiles) character file.

Game seed: 363082804220547147

250000 Ruich the Warrior (level 20, -3/133 (138) HPs)
             Began as a Djinni Fire Elementalist on Feb 5, 2024.
             Was a Priest of Ashenzari.
             Slain by a quicksilver ooze (9 damage)
             ... on level 1 of the Pits of Slime on Feb 6, 2024.
             The game lasted 03:39:57 (53327 turns).

Ruich the Warrior (Djinni Fire Elementalist)       Turns: 53327, Time: 03:39:57

HP:   -3/133 (138)  AC:  1    Str: 10 (11) XL:     20   Next: 40%
Gold: 220           EV: 18    Int: 17 (18) God:    Ashenzari [***...] SH: 18 Dex:  6 (7)

rFire   + + +        N - staff of cold {!a}
rCold   x x .        T - +2 kite shield {rF+}
rNeg    + . .        I - +1 robe of Vines {NoPotionHeal Regen++++, Bglg, Self} (curse)
rPois   ∞            Z - +0 hat of the Eye in the Sky {Regen+, Self, Comp} (curse)
rElec   +            P - scarf of the Ruined Serendipity {repulsion, rElec rN+ Str+6 Dex-2, Range, Self} (curse)
rCorr   .            r - +2 pair of gloves of the Ruined Sun {Range, Cun} (curse)
SInv    +            (boots unavailable)
Will    ++++.        f - amulet of the Chained Moon {Reflect SH+5, Comp, Self} (curse)
Stlth   +++          E - +5 ring of evasion
HPRegen 0.00/turn    x - ring "Dofon" {rElec rF+ Will++ Dex-3 SInv}
MPRegen 0.00/turn

%: repel missiles, reflection, clarity, infuse magic (-4 HP)
@: corroded, flying, inhibited regen, studying Shapeshifting, lightly drained
A: sickness immunity, fire resistance 2, cold vulnerability 1[+2], float, innate
caster, HP casting, extra vitality 1, [berserk 2], [clumsy 2], [deformed body],
[deterioration 2], [dopey 2], [frail 2], [screaming 2], [inhibited
regeneration], [teleportitis 2], [weak 2], cold vulnerability 1[+2], [subdued
magic 2], [inability to drink after injury 2], [inability to read after injury
2], [persistent drain]
}: 2/15 runes: barnacled, gossamer
a: Renounce Religion, Curse Item, Shatter the Chains


You were on level 1 of the Pits of Slime.
You worshipped Ashenzari.
Ashenzari was most pleased with you.
You visited 7 branches of the dungeon, and saw 31 of its levels.
You visited the Abyss 1 time.
You also visited: Gauntlet.

You collected 3028 gold pieces.
You spent 2808 gold pieces at shops.


Innate Abilities, Weirdness & Mutations

You are immune to sickness and miasma.
You are immune to poison.
Your flesh is very heat resistant. (rF++)
[You are extremely vulnerable to cold. (rC---)]
You float through the air rather than walking.
You learn spells naturally, not from books.
Your magical power is your life essence.
You have superior vitality. (+4 MHP)
[You have an uncontrollable temper.]
[You are very clumsy. (Dex -4)]
[Armour fits poorly on your strangely shaped body.]
[Your body often deteriorates upon taking damage.]
[You are very dopey. (Int -4)]
[You are very frail. (-20% HP)]
[You frequently scream uncontrollably at your foes.]
[You do not regenerate when monsters are visible.]
[You are often teleported next to monsters.]
[You are very weak. (Str -4)]
[You are extremely vulnerable to cold. (rC---)]
[Your spells are easier to cast, but less powerful.]
[You sometimes lose the ability to drink potions when taking damage.]
[You sometimes lose the ability to read scrolls when taking damage.]
[Your health recovers twice as slowly from being drained.]


   Skills:
 + Level 20.9(24.1) Fighting
 + Level 11.1(12.6) Dodging
 - Level 4.6(6.0) Stealth
 - Level 15.0 Shields
 + Level 16.3(19.7) Spellcasting
 + Level 16.3 Conjurations
 + Level 16.3(17.7) Hexes
   Level 0.0 Charms
 + Level 16.3(18.4) Summonings
 + Level 16.3(18.4) Necromancy
 + Level 16.3(17.7) Translocations
   Level 0.0 Transmutations
 + Level 16.3 Fire Magic
 + Level 16.3 Ice Magic
 + Level 16.3 Air Magic
 + Level 16.3 Earth Magic
 + Level 16.3 Alchemy


You knew the following spells:

 Your Spells              Type           Power      Damage    Failure   Level
a - Passwall              Erth           45%        N/A       0%          3
b - Summon Cactus Giant   Summ           24%        N/A       1%          6
d - Animate Dead          Necr           49%        N/A       0%          4
f - Foxfire               Conj/Fire      100%       2x1d9     0%          1
i - Dispersal             Tloc           24%        N/A       1%          6
m - Metabolic Englaciati  Hex/Ice        31%        N/A       1%          5
r - Inner Flame           Hex/Fire       46%        N/A       0%          3
s - Slow                  Hex            100%       N/A       0%          1
t - Death Channel         Necr           24%        N/A       1%          6
x - Scorch                Fire           90%        2d8       0%          2
B - Blink                 Tloc           96%        N/A       0%          2
X - Hailstorm             Conj/Ice       61%        3d11      0%          3
Y - Volatile Blastmotes   Fire/Tloc      92%        2d17      0%          3
Z - Flame Wave            Conj/Fire      45%        2d12      1%          4
Your spell library was empty.

Inventory:

Missiles
 b - 5 throwing nets {=f}
 w - 17 silver javelins (quivered)
 V - 6 curare-tipped darts {=f}
Armour
 r - the cursed +2 pair of gloves of the Ruined Sun (worn) {Range, Cun}
   (You found it on level 3 of the Dungeon)

   It has a curse which improves the following skills: Ranged Combat: Ranged
   Weapons and Throwing.
   Cunning:   Dodging and Stealth.
 I - the cursed +1 robe of Vines (worn) {NoPotionHeal Regen++++, Bglg, Self}
   (You bought it in a shop on level 2 of the Orcish Mines)

   NoPotionHeal: Its wearer cannot be healed by potions.
   Regen++++: It increases your rate of health regeneration.
   It has a curse which improves the following skills: Beguiling: Hexes and
   Translocations.
   Introspection: Fighting and Spellcasting.
 P - the cursed scarf of the Ruined Serendipity (worn) {repulsion, rElec rN+ Str+6 Dex-2, Range, Self}
   (You acquired it in a Gauntlet)

   Str+6:     It affects your strength (+6).
   Dex-2:     It affects your dexterity (-2).
   rElec:     It insulates you from electricity.
   rN+:       It protects you from negative energy.
   It has a curse which improves the following skills: Ranged Combat: Ranged
   Weapons and Throwing.
   Introspection: Fighting and Spellcasting.
 Q - the +0 hat of the Sky {rF++ rCorr Int-5}
   (You found it in a Gauntlet)

   Int-5:     It affects your intelligence (-5).
   rF++:      It greatly protects you from fire.
   rCorr:     It protects you from acid and corrosion.
 T - a +2 kite shield of fire resistance (worn)
 Z - the cursed +0 hat of the Eye in the Sky (worn) {Regen+, Self, Comp}
   (You found it on level 4 of the Spider Nest)

   Regen+:    It increases your rate of health regeneration.
   It has a curse which improves the following skills: Introspection: Fighting
   and Spellcasting.
   Companions: Summonings and Necromancy.
Magical Staves
 N - a staff of cold (weapon) {!a}
Jewellery
 f - the cursed amulet of the Chained Moon (around neck) {Reflect SH+5, Comp, Self}
   (You found it on level 13 of the Dungeon)

   [amulet of reflection]

   Reflect:   It reflects blocked missile attacks.
   SH+5:      It affects your SH (+5).
   It has a curse which improves the following skills: Companions: Summonings
   and Necromancy.
   Introspection: Fighting and Spellcasting.
 x - the ring "Dofon" (right hand) {rElec rF+ Will++ Dex-3 SInv}
   (You found it in a Gauntlet)

   [ring of protection from fire]

   Dex-3:     It affects your dexterity (-3).
   rF+:       It protects you from fire.
   rElec:     It insulates you from electricity.
   Will++:    It greatly increases your willpower.
   SInv:      It lets you see invisible.
 D - a +6 ring of dexterity
 E - a +5 ring of evasion (left hand)
 F - a ring of protection from fire
 R - a ring of resist corrosion
 S - a +6 ring of strength
 W - a ring of willpower
Wands
 o - a wand of flame (31)
 u - a wand of acid (4)
 y - a wand of paralysis (16)
 C - a wand of iceblast (21)
 G - a wand of mindburst (12)
 H - a wand of digging (16)
 L - a wand of polymorph (14)
Scrolls
 a - 2 scrolls of immolation
 d - 22 scrolls of identify {@r1}
 e - 7 scrolls of vulnerability
 g - 11 scrolls of teleportation {@r2}
 k - 2 scrolls of fog
 A - 6 scrolls of brand weapon
 B - 10 scrolls of enchant weapon
 J - 3 scrolls of poison
 K - a scroll of enchant armour
 Y - 2 scrolls of fear
Potions
 c - 8 potions of curing {@q1}
 i - 6 potions of berserk rage {!q}
 j - 3 potions of haste {@q3}
 l - 2 potions of enlightenment
 m - 3 potions of brilliance
 n - 4 potions of heal wounds {@q2}
 p - 9 potions of ambrosia
 q - 3 potions of attraction
 s - 3 potions of lignification
 t - 4 potions of might
 z - a potion of cancellation
 M - a potion of resistance
 U - 2 potions of invisibility
Miscellaneous
 O - a phial of floods
 X - a lightning rod (4/4)

Dungeon Overview and Level Annotations

Branches:
Dungeon (14/15)            Temple (1/1) D:6            Lair (5/5) D:11
 Shoals (4/4) Lair:2       Spider (4/4) Lair:2        Slime (1/5) Lair:5
    Orc (2/2) D:12            Elf (0/3) Orc:2        Vaults (0/5) D:14
Gauntlet (visited)

Altars:
Ashenzari
Cheibriados
Dithmenos
Elyvilon
Fedhas
Gozag
Hepliaklqana
Makhleb
Nemelex Xobeh
Okawaru
Qazlal
Ru
Trog
Uskayaw
Wu Jian
Xom
Yredelemnul
Zin
The Shining One
Jiyva

Shops:
D:1 [   D:3 (   D:4 :   D:11 !   Orc:2 [[?[   Shoals:3 [:(!

Portals:
Hell: Lair:5

Annotations:
D:2 Natasha
D:3 3 runed translucent doors, labirda's ghost, amateur GnHs
Lair:5 2 exclusions

..##.. ####..#...
##......... #........
#.....# ##
#####...#####.
##.##..#.....#....
##.................
#.#..........@J......
............JJ.......
.#.#.....#..J..#..#.
#.....###JJJ###...
##.#.....#..J..# ...
#..............# #.
##.#..........##
#.###.#.......# .
####.........


You could see an acid blob, a large slime creature, 2 slime creatures, 2
rockslimes and 2 quicksilver oozes.


Message History

* * * LOW HITPOINT WARNING * * *
Your body deteriorates!
You feel clumsy.
A quicksilver ooze comes into view.
You block the quicksilver ooze's attack. x2
The quicksilver ooze hits you!
* * * LOW HITPOINT WARNING * * *
Your body deteriorates!
You feel weakened. The quicksilver ooze hits you!
* * * LOW HITPOINT WARNING * * *
The ooze engulfing you falls away.
You can drink potions again.
The quicksilver ooze attacks as it pursues you!
You block the quicksilver ooze's attack.
The quicksilver ooze completely misses you.
You block the rockslime's attack. The acid blob spits acid at you.
The splash of acid is repelled.
The quicksilver ooze attacks as it pursues you!
You block the quicksilver ooze's attack. x3
The quicksilver ooze hits you!
* * * LOW HITPOINT WARNING * * *
A large slime creature splits.
Two slime creatures merge to form a large slime creature.
There is a staircase back to the Lair here.
Unknown command.
You block the quicksilver ooze's attack.
The quicksilver ooze misses you.
You block the quicksilver ooze's attack.
The quicksilver ooze hits you!
You die...

Skill      XL: |  1  2  3  4  5  6  7  8  9 10 11 12 13 14 15 16 17 18 19 20 |
---------------+-------------------------------------------------------------+-----
Fighting       | 1 3 4 5 7 8 9 11 14 16 18 19 20 | 20.9
Spellcasting   | 4 5 6 7 8 9 10 11 12 13 14 15 16 | 16.3
Conjurations   | 4 5 6 7 8 9 10 11 12 13 14 15 16 | 16.3
Hexes          | 4 5 6 7 8 9 10 11 12 13 14 15 16 | 16.3
Summonings     | 4 5 6 7 8 9 10 11 12 13 14 15 16 | 16.3
Necromancy     | 4 5 6 7 8 9 10 11 12 13 14 15 16 | 16.3
Translocations | 4 5 6 7 8 9 10 11 12 13 14 15 16 | 16.3
Fire Magic     | 4 5 6 7 8 9 10 11 12 13 14 15 16 | 16.3
Ice Magic      | 4 5 6 7 8 9 10 11 12 13 14 15 16 | 16.3
Air Magic      | 4 5 6 7 8 9 10 11 12 13 14 15 16 | 16.3
Earth Magic    | 4 5 6 7 8 9 10 11 12 13 14 15 16 | 16.3
Alchemy        | 4 5 6 7 8 9 10 11 12 13 14 15 16 | 16.3
Dodging        | 5 7 10 11 | 11.1
Stealth        | 2 4 |  4.6
Shields        | 7 11 14 15 | 15.0

Action                     |  1- 3 |  4- 6 |  7- 9 | 10-12 | 13-15 | 16-18 | 19-21 || total
---------------------------+-------+-------+-------+-------+-------+-------+-------++-------
  Melee: Whip              |       |       |     8 |       |       |       |       ||     8
         Staff             |       |       |       |       |       |     8 |     3 ||    11
         Falchion          |       |       |       |       |       |       |     6 ||     6
  Throw: Dart              |       |       |       |       |     8 |       |       ||     8
   Cast: Foxfire           |    51 |    47 |   108 |    63 |   147 |   201 |   121 ||   738
         Slow              |     1 |       |     7 |     1 |       |       |       ||     9
         Scorch            |       |     6 |    53 |   235 |   415 |   364 |   282 ||  1355
         Hailstorm         |       |       |     2 |     2 |    43 |    17 |     8 ||    72
         Flame Wave        |       |       |    10 |    25 |   104 |    90 |   107 ||   336
         Inner Flame       |       |       |       |    35 |    90 |   108 |    28 ||   261
         Blink             |       |       |       |     1 |     9 |    15 |     4 ||    29
         Animate Dead      |       |       |       |     9 |    14 |     2 |       ||    25
         Passwall          |       |       |       |     1 |       |       |       ||     1
         Metabolic Englaci |       |       |       |       |    50 |    71 |    44 ||   165
         Death Channel     |       |       |       |       |     5 |     1 |       ||     6
         Dispersal         |       |       |       |       |       |     7 |     1 ||     8
         Summon Cactus Gia |       |       |       |       |       |       |     2 ||     2
 Invoke: Curse Item        |       |       |     1 |     1 |       |     4 |     3 ||     9
         Shatter the Chain |       |       |       |       |     1 |       |     3 ||     4
  Evoke: Wand              |       |       |       |       |     6 |    11 |     5 ||    22
    Use: Scroll            |       |     9 |    10 |     1 |     6 |     2 |     4 ||    32
         Potion            |       |       |       |     3 |     5 |     3 |     7 ||    18
   Stab: Sleeping          |       |       |       |       |       |     1 |       ||     1
 Armour: Robe              |    10 |     7 |    49 |   110 |       |   172 |   317 ||   665
         Skin              |       |       |       |     1 |       |       |       ||     1
         Leather armour    |       |       |       |     8 |   446 |   272 |       ||   726
  Dodge: Dodged            |    19 |    10 |    52 |   246 |   541 |   366 |   298 ||  1532
         Repelled          |       |       |       |       |     1 |     9 |    16 ||    26
  Block: Buckler           |       |       |       |       |    54 |       |       ||    54
         Kite shield       |       |       |       |       |    11 |   752 |   551 ||  1314
         Reflection        |       |       |       |       |     2 |    24 |    40 ||    66

Levels and vault maps discovered:
D:1:      lemuel_arrival_river_bridge, layout_loops_ring, serial_shops,
          nicolae_shop_stone, ebering_ecumenical_altar_sacrificial
D:2:      layout_rooms, uniq_natasha
D:3:      layout_loops_ring, nicolae_sif_muna_condensation, ebering_ghost_gozag,
          serial_shops, nicolae_shop_tiny_glass, uniq_grinder
D:4:      layout_loops_ring, nicolae_uskayaw_suspiria, serial_shops,
          nicolae_shop_waterfront, uniq_sigmund
D:5:      layout_basic, small_statue_intersection, minmay_misc_feat_diagonals,
          patterned_corridor
D:6:      layout_rooms, nicolae_dithmenos_through_a_glass_darkly,
          nicolae_tso_besieged_by_evil, temple_statues
D:7:      layout_basic, vehumet_altar_wand_db, uniq_maggie, uniq_maurice
D:8:      layout_loops_ring, mainiacjoe_overflow_tiny_flanked, uniq_amaemon,
          uniq_psyche, uniq_erica
D:9:      layout_roguey [special_room_bee]
D:10:     layout_rooms
D:11:     layout_loops_ring, erik_lair_orcish_takeover, serial_shops,
          nicolae_diamond_shop, nicolae_kikubaaqudgha_miasma_corner,
          uniq_erolcha
D:12:     layout_roguey, orc_0_dummy, gauntlet_entry_generic,
          serial_corexii_hall, chequers_hall_statues_wall_a,
          corexii_hall_statues_t, uniq_azrael
D:13:     layout_basic, amcnicky_mini_corridor_feature, zin_statuary
D:14:     layout_loops_corners, hellmonk_vaults_order_and_chaos,
          hangedman_aviary
Temple:   kb_temple_of_zot
Lair:1:   layout_loops_ring, lemuel_centaur_altar
Lair:2:   layout_big_grid, shoals_dummy_entry, dummy_spider_entry,
          grunt_forest_small_clearings
Lair:3:   layout_cave_shapes, nicolae_lair_run_with_the_wolves,
          infiniplex_staircase_pool_2
Lair:4:   kb_forest_paths, layout_loops_ring
Lair:5:   evil_forest, layout_loops_ring, minmay_slime_entry_oklob_open,
          lemuel_fruit_fields, uniq_nessos
Shoals:1: layout_shoals, uniq_frances, uniq_jorgrun
Shoals:2: layout_shoals, nicolae_shoals_hunting_party, uniq_ilsuiw,
          uniq_mlioglotl
Shoals:3: layout_shoals, serial_shops, shop, shop,
          nicolae_shop_industrial_runoff, nicolae_shop_peninsula,
          hangedman_shoals_cup_caves
Shoals:4: shoals_end_hellmonk_storm_palace [storm_palace_center_circular,
          storm_palace_corner_pillars, storm_palace_corner_pillars,
          storm_palace_corner_grid, storm_palace_corner_grid], uniq_aizul,
          uniq_polyphemus
Spider:1: layout_chambers, special_room, drop_trap
Spider:2: layout_spider_delve, drop_trap, hangedman_spider_tarantella_strand
Spider:3: layout_spider_delve, hellmonk_deceptive_appearances, uniq_nikola
Spider:4: grunt_spider_rune_parallel, hive_lemuel
Slime:1:  layout_caves, cheibrodos_slime_lost_civilization_5
Orc:1:    layout_caves
Orc:2:    st_orc_elflike, layout_caves, mines3_lemuel

Notes
Turn   | Place    | Note
-------+----------+-------------------------------------------
     0 | D:1      | Ruich the Djinni Fire Elementalist began the quest for the
                  | Orb.
     0 | D:1      | Ruich set off with the following spells memorised: Foxfire,
                  | Scorch, Volatile Blastmotes, Inner Flame, Flame Wave.
     0 | D:1      | Reached XP level 1. HP: 15/15 MP: 0/0
    21 | D:1      | Found a faded altar of an unknown god.
   186 | D:1      | Reached XP level 2. HP: 21/22 MP: 0/0
   215 | D:1      | Reached skill level 1 in Fighting
   392 | D:1      | Found Xoyt's Armour Boutique.
   893 | D:2      | Reached XP level 3. HP: 26/27 MP: 0/0
   893 | D:2      | Learned a level 1 spell: Slow
  1205 | D:2      | Noticed Natasha
  1426 | D:3      | Noticed Grinder
  1445 | D:3      | Killed Grinder
  1446 | D:3      | Reached skill level 3 in Fighting
  1446 | D:3      | Reached skill level 4 in Spellcasting
  1446 | D:3      | Reached skill level 4 in Conjurations
  1446 | D:3      | Reached skill level 4 in Hexes
  1446 | D:3      | Reached skill level 4 in Summonings
  1446 | D:3      | Reached skill level 4 in Necromancy
  1446 | D:3      | Reached skill level 4 in Translocations
  1446 | D:3      | Reached skill level 4 in Fire Magic
  1446 | D:3      | Reached skill level 4 in Ice Magic
  1446 | D:3      | Reached skill level 4 in Air Magic
  1446 | D:3      | Reached skill level 4 in Earth Magic
  1446 | D:3      | Reached skill level 4 in Alchemy
  1446 | D:3      | Reached XP level 4. HP: 8/37 MP: 0/0
  1446 | D:3      | Reached XP level 5. HP: 9/41 MP: 0/0
  1446 | D:3      | Learned a level 2 spell: Blink
  1446 | D:3      | Reached XP level 6. HP: 10/47 MP: 0/0
  1611 | D:3      | Found Xunouwkot's Weapon Boutique.
  1819 | D:3      | Reached skill level 4 in Fighting
  1912 | D:3      | Found a runed translucent gate.
  1912 | D:3      | Found an opulent altar of Gozag.
  1913 | D:3      | Found a runed translucent gate.
  1913 | D:3      | Found a runed translucent gate.
  1915 | D:3      | Noticed labirda's ghost (amateur GnHs)
  1916 | D:3      | Noticed a sky beast
  2482 | D:4      | Found a hide-covered altar of Uskayaw.
  2537 | D:4      | Found Likaka's Book Boutique.
  2777 | D:4      | Reached XP level 7. HP: 50/53 MP: 0/0
  2777 | D:4      | Learned a level 3 spell: Hailstorm
  3038 | D:4      | Noticed Sigmund
  3045 | D:4      | Killed Sigmund
  3046 | D:4      | Reached skill level 5 in Fighting
  3046 | D:4      | Reached skill level 5 in Spellcasting
  3046 | D:4      | Reached skill level 5 in Conjurations
  3046 | D:4      | Reached skill level 5 in Hexes
  3046 | D:4      | Reached skill level 5 in Summonings
  3046 | D:4      | Reached skill level 5 in Necromancy
  3046 | D:4      | Reached skill level 5 in Translocations
  3046 | D:4      | Reached skill level 5 in Fire Magic
  3046 | D:4      | Reached skill level 5 in Ice Magic
  3046 | D:4      | Reached skill level 5 in Air Magic
  3046 | D:4      | Reached skill level 5 in Earth Magic
  3046 | D:4      | Reached skill level 5 in Alchemy
  3282 | D:5      | Entered Level 5 of the Dungeon
  3580 | D:5      | Reached XP level 8. HP: 56/61 MP: 0/0
  3709 | D:5      | Reached skill level 6 in Fighting
  4184 | D:5      | Reached skill level 6 in Spellcasting
  4184 | D:5      | Reached skill level 6 in Conjurations
  4184 | D:5      | Reached skill level 6 in Hexes
  4184 | D:5      | Reached skill level 6 in Summonings
  4184 | D:5      | Reached skill level 6 in Necromancy
  4184 | D:5      | Reached skill level 6 in Translocations
  4184 | D:5      | Reached skill level 6 in Fire Magic
  4184 | D:5      | Reached skill level 6 in Ice Magic
  4184 | D:5      | Reached skill level 6 in Air Magic
  4184 | D:5      | Reached skill level 6 in Earth Magic
  4184 | D:5      | Reached skill level 6 in Alchemy
  4265 | D:6      | Reached skill level 7 in Fighting
  4460 | D:6      | Found a glowing golden altar of the Shining One.
  4704 | D:6      | Found a shadowy altar of Dithmenos.
  4732 | D:6      | Reached XP level 9. HP: 61/68 MP: 0/0
  4732 | D:6      | Learned a level 3 spell: Passwall
  4964 | D:6      | Found a staircase to the Ecumenical Temple.
  4978 | Temple   | Entered the Ecumenical Temple
  5000 | Temple   | Became a worshipper of Ashenzari the Shackled
  5186 | D:7      | Reached skill level 3 in Dodging
  5267 | D:7      | Noticed Maurice
  5286 | D:7      | Identified the +2 flail of Egasium {pain, rF- rN+ Dex+10
                  | Stlth-}
  5518 | D:7      | Reached skill level 8 in Fighting
  5587 | D:6      | Killed Maurice
  5588 | D:6      | Reached skill level 4 in Dodging
  5588 | D:6      | Reached skill level 7 in Spellcasting
  5588 | D:6      | Reached skill level 7 in Conjurations
  5588 | D:6      | Reached skill level 7 in Hexes
  5588 | D:6      | Reached skill level 7 in Summonings
  5588 | D:6      | Reached skill level 7 in Necromancy
  5588 | D:6      | Reached skill level 7 in Translocations
  5588 | D:6      | Reached skill level 7 in Fire Magic
  5588 | D:6      | Reached skill level 7 in Ice Magic
  5588 | D:6      | Reached skill level 7 in Air Magic
  5588 | D:6      | Reached skill level 7 in Earth Magic
  5588 | D:6      | Reached skill level 7 in Alchemy
  5848 | D:7      | Noticed Maggie
  5865 | D:7      | Killed Maggie
  6675 | D:8      | Noticed a kobold demonologist
  6734 | D:8      | Noticed a red devil
  6741 | D:7      | Killed a kobold demonologist
  6742 | D:7      | Reached skill level 5 in Dodging
  6742 | D:7      | Reached skill level 2 in Stealth
  6742 | D:7      | Reached XP level 10. HP: 49/77 MP: 0/0
  7046 | D:8      | Noticed a kobold demonologist
  7077 | D:7      | Killed a kobold demonologist
  7096 | D:7      | Reached skill level 3 in Stealth
  7221 | D:8      | Reached skill level 6 in Dodging
  7328 | D:8      | Noticed Amaemon
  7332 | D:8      | Noticed an orange demon
  7363 | D:8      | Noticed Psyche
  7537 | D:8      | Killed an orange demon
  7731 | D:7      | Identified the cursed +2 pair of gloves of the Ruined Sun
                  | {Range, Cun} (You found it on level 3 of the Dungeon)
  7739 | D:7      | Killed Psyche
  7740 | D:7      | Reached skill level 4 in Stealth
  7740 | D:7      | Reached skill level 8 in Spellcasting
  7740 | D:7      | Reached skill level 8 in Conjurations
  7740 | D:7      | Reached skill level 8 in Hexes
  7740 | D:7      | Reached skill level 8 in Summonings
  7740 | D:7      | Reached skill level 8 in Necromancy
  7740 | D:7      | Reached skill level 8 in Translocations
  7740 | D:7      | Reached skill level 8 in Fire Magic
  7740 | D:7      | Reached skill level 8 in Ice Magic
  7740 | D:7      | Reached skill level 8 in Air Magic
  7740 | D:7      | Reached skill level 8 in Earth Magic
  7740 | D:7      | Reached skill level 8 in Alchemy
  8053 | D:8      | Reached skill level 7 in Dodging
  8177 | D:8      | Killed Amaemon
  8297 | D:8      | Noticed Erica
  8463 | D:8      | Reached * piety under Ashenzari
  8463 | D:8      | Identified a potion of resistance
  8599 | D:8      | Found a sparkling altar of Nemelex Xobeh.
  8627 | D:8      | Killed Erica
  8628 | D:8      | Reached skill level 9 in Fighting
  8628 | D:8      | Reached XP level 11. HP: 30/84 MP: 0/0
  8628 | D:8      | Learned a level 4 spell: Animate Dead
  9245 | D:9      | Reached skill level 10 in Fighting
  9525 | D:9      | Reached skill level 9 in Spellcasting
  9525 | D:9      | Reached skill level 9 in Conjurations
  9525 | D:9      | Reached skill level 9 in Hexes
  9525 | D:9      | Reached skill level 9 in Summonings
  9525 | D:9      | Reached skill level 9 in Necromancy
  9525 | D:9      | Reached skill level 9 in Translocations
  9525 | D:9      | Reached skill level 9 in Fire Magic
  9525 | D:9      | Reached skill level 9 in Ice Magic
  9525 | D:9      | Reached skill level 9 in Air Magic
  9525 | D:9      | Reached skill level 9 in Earth Magic
  9525 | D:9      | Reached skill level 9 in Alchemy
  9788 | D:9      | Reached skill level 11 in Fighting
  9860 | D:9      | Noticed a two-headed ogre
  9867 | D:9      | Killed a two-headed ogre
 10051 | D:9      | Noticed a two-headed ogre
 10059 | D:9      | Killed a two-headed ogre
 10148 | D:10     | Entered Level 10 of the Dungeon
 10529 | D:10     | Reached XP level 12. HP: 72/94 MP: 0/0
 10821 | D:10     | Reached skill level 12 in Fighting
 10982 | D:11     | Found Hoefuas's Distillery.
 10989 | D:11     | Bought a potion of heal wounds for 60 gold pieces
 10989 | D:11     | Bought a potion of heal wounds for 60 gold pieces
 11012 | D:11     | Noticed a soul eater
 11547 | D:11     | Reached skill level 13 in Fighting
 11547 | D:11     | Reached skill level 10 in Spellcasting
 11547 | D:11     | Reached skill level 10 in Conjurations
 11547 | D:11     | Reached skill level 10 in Hexes
 11547 | D:11     | Reached skill level 10 in Summonings
 11547 | D:11     | Reached skill level 10 in Necromancy
 11547 | D:11     | Reached skill level 10 in Translocations
 11547 | D:11     | Reached skill level 10 in Fire Magic
 11547 | D:11     | Reached skill level 10 in Ice Magic
 11547 | D:11     | Reached skill level 10 in Air Magic
 11547 | D:11     | Reached skill level 10 in Earth Magic
 11547 | D:11     | Reached skill level 10 in Alchemy
 11611 | D:11     | Noticed a two-headed ogre
 11616 | D:11     | Killed a two-headed ogre
 11752 | D:11     | Found a staircase to the Lair.
 11840 | D:11     | Noticed Erolcha
 11848 | D:11     | Killed Erolcha
 12237 | Lair:1   | Entered Level 1 of the Lair of Beasts
 12904 | Lair:1   | Reached skill level 14 in Fighting
 12904 | Lair:1   | Reached XP level 13. HP: 91/105 MP: 0/0
 12904 | Lair:1   | Learned a level 5 spell: Metabolic Englaciation
 13781 | Lair:1   | Found a broken altar of Ashenzari.
 14186 | Lair:2   | Reached skill level 15 in Fighting
 14381 | Lair:2   | Found a staircase to the Shoals.
 14470 | Lair:2   | Reached skill level 11 in Spellcasting
 14470 | Lair:2   | Reached skill level 11 in Conjurations
 14470 | Lair:2   | Reached skill level 11 in Hexes
 14470 | Lair:2   | Reached skill level 11 in Summonings
 14470 | Lair:2   | Reached skill level 11 in Necromancy
 14470 | Lair:2   | Reached skill level 11 in Translocations
 14470 | Lair:2   | Reached skill level 11 in Fire Magic
 14470 | Lair:2   | Reached skill level 11 in Ice Magic
 14470 | Lair:2   | Reached skill level 11 in Air Magic
 14470 | Lair:2   | Reached skill level 11 in Earth Magic
 14470 | Lair:2   | Reached skill level 11 in Alchemy
 14724 | Lair:2   | Found a hole to the Spider Nest.
 16328 | Lair:3   | Reached skill level 16 in Fighting
 16560 | Lair:3   | Reached XP level 14. HP: 59/116 MP: 0/0
 18508 | Lair:4   | Reached skill level 17 in Fighting
 18898 | Lair:4   | Reached skill level 12 in Spellcasting
 18898 | Lair:4   | Reached skill level 12 in Conjurations
 18898 | Lair:4   | Reached skill level 12 in Hexes
 18898 | Lair:4   | Reached skill level 12 in Summonings
 18898 | Lair:4   | Reached skill level 12 in Necromancy
 18898 | Lair:4   | Reached skill level 12 in Translocations
 18898 | Lair:4   | Reached skill level 12 in Fire Magic
 18898 | Lair:4   | Reached skill level 12 in Ice Magic
 18898 | Lair:4   | Reached skill level 12 in Air Magic
 18898 | Lair:4   | Reached skill level 12 in Earth Magic
 18898 | Lair:4   | Reached skill level 12 in Alchemy
 20652 | Lair:5   | Entered Level 5 of the Lair of Beasts
 20669 | Lair:5   | Reached skill level 18 in Fighting
 21061 | Lair:5   | Reached XP level 15. HP: 89/126 MP: 0/0
 21061 | Lair:5   | Learned a level 6 spell: Death Channel
 21351 | Lair:5   | Found a viscous altar of Jiyva.
 22266 | Lair:5   | Noticed Nessos
 22396 | Lair:5   | Killed Nessos
 23790 | Lair:5   | Reached skill level 19 in Fighting
 24364 | Lair:5   | Found a staircase to the Slime Pits.
 26126 | D:12     | Found a gate leading to a gauntlet.
 26128 | D:12     | Noticed Azrael
 26134 | Gauntlet | Entered a Gauntlet
 26134 | Gauntlet | Found a transporter.
 26180 | Gauntlet | Identified a potion of experience
 26180 | Gauntlet | Found a transporter.
 26180 | Gauntlet | Found a transporter.
 26181 | Gauntlet | Found a transporter.
 26206 | Gauntlet | Found a transporter.
 26214 | Gauntlet | Found a transporter.
 26220 | Gauntlet | Found a transporter.
 26341 | Gauntlet | Found a runed translucent door.
 26341 | Gauntlet | Found a runed translucent door.
 26348 | Gauntlet | Identified a scroll of acquirement
 26348 | Gauntlet | Found a transporter.
 26349 | Gauntlet | Found a transporter.
 26352 | Gauntlet | Found a transporter.
 26362 | Gauntlet | Reached skill level 1 in Shields
 26419 | Gauntlet | Acquired the scarf of Itoddowk {repulsion, rElec rN+ Str+6
                  | Dex-2}
 26454 | Gauntlet | Found a transporter.
 26456 | Gauntlet | Found a transporter.
 26456 | Gauntlet | Found a transporter.
 26460 | Gauntlet | Identified the ring "Dofon" {rElec rF+ Will++ Dex-3 SInv}
 26474 | Gauntlet | Found a transporter.
 26490 | Gauntlet | Reached skill level 13 in Spellcasting
 26490 | Gauntlet | Reached skill level 13 in Conjurations
 26490 | Gauntlet | Reached skill level 13 in Hexes
 26490 | Gauntlet | Reached skill level 13 in Summonings
 26490 | Gauntlet | Reached skill level 13 in Necromancy
 26490 | Gauntlet | Reached skill level 13 in Translocations
 26490 | Gauntlet | Reached skill level 13 in Fire Magic
 26490 | Gauntlet | Reached skill level 13 in Ice Magic
 26490 | Gauntlet | Reached skill level 13 in Air Magic
 26490 | Gauntlet | Reached skill level 13 in Earth Magic
 26490 | Gauntlet | Reached skill level 13 in Alchemy
 26492 | Gauntlet | Identified the +0 hat of the Sky {rF++ rCorr Int-5}
 26742 | Gauntlet | Identified the +9 war axe "Qosch" {freeze, rF+}
 26790 | Gauntlet | Reached skill level 2 in Shields
 27557 | D:12     | Killed Azrael
 27809 | D:12     | Found a staircase to the Orcish Mines.
 28288 | D:13     | Reached skill level 3 in Shields
 28728 | D:13     | Reached skill level 4 in Shields
 29024 | D:13     | Found a glowing silver altar of Zin.
 29458 | D:13     | Reached skill level 7 in Shields
 29458 | D:13     | Reached XP level 16. HP: 136/136 MP: 0/0
 29565 | D:14     | Reached XP level 17. HP: 75/141 MP: 0/0
 29565 | D:14     | Learned a level 6 spell: Dispersal
 29923 | D:14     | Found a gate to the Vaults.
 30428 | D:14     | Identified the +0 cloak of Coig {rF+ Str+3}
 30542 | D:14     | Reached skill level 8 in Shields
 31123 | Orc:1    | Entered Level 1 of the Orcish Mines
 31450 | Orc:1    | HP: 5/141 [ettin/+0 dire flail (38)]
 32696 | Orc:2    | Entered Level 2 of the Orcish Mines
 32696 | Orc:2    | Found a staircase to the Elven Halls.
 32850 | Orc:2    | Reached ** piety under Ashenzari
 33892 | Orc:2    | Reached skill level 9 in Shields
 35827 | Orc:2    | Found Soozikk's Armour Emporium.
 35833 | Orc:2    | Found Hych's Magic Scroll Boutique.
 35835 | Orc:2    | Found Jecwi's Antique Armour Emporium.
 35836 | Orc:2    | Found Eqeodd's Armour Boutique.
 35876 | Orc:2    | Identified Sif Muna's Catalogue of Distance (You found it
                  | on level 12 of the Dungeon)
 36097 | D:14     | Reached skill level 10 in Shields
 36458 | Spider:1 | Entered Level 1 of the Spider Nest
 37222 | Spider:1 | Reached *** piety under Ashenzari
 38421 | Spider:1 | Reached skill level 11 in Shields
 38558 | Spider:1 | Reached skill level 14 in Spellcasting
 38558 | Spider:1 | Reached skill level 14 in Conjurations
 38558 | Spider:1 | Reached skill level 14 in Hexes
 38558 | Spider:1 | Reached skill level 14 in Summonings
 38558 | Spider:1 | Reached skill level 14 in Necromancy
 38558 | Spider:1 | Reached skill level 14 in Translocations
 38558 | Spider:1 | Reached skill level 14 in Fire Magic
 38558 | Spider:1 | Reached skill level 14 in Ice Magic
 38558 | Spider:1 | Reached skill level 14 in Air Magic
 38558 | Spider:1 | Reached skill level 14 in Earth Magic
 38558 | Spider:1 | Reached skill level 14 in Alchemy
 39379 | Spider:2 | Identified the +7 arbalest of Crusades {heavy, Fly}
 39738 | Spider:3 | Noticed Nikola
 40070 | Spider:2 | HP: 6/146 [demonic crawler (12)]
 41428 | Spider:2 | Reached XP level 18. HP: 120/147 MP: 0/0
 41636 | Spider:2 | Reached skill level 12 in Shields
 43289 | Spider:2 | Killed Nikola
 43609 | Orc:2    | Bought the +1 robe of Vines {NoPotionHeal Regen++++} for
                  | 2320 gold pieces
 43609 | Orc:2    | Found the +1 robe of Vines {NoPotionHeal Regen++++}
 44178 | Spider:4 | Entered Level 4 of the Spider Nest
 44294 | Spider:4 | Reached skill level 13 in Shields
 45242 | Spider:4 | Reached skill level 14 in Shields
 45243 | Spider:4 | Reached skill level 15 in Spellcasting
 45243 | Spider:4 | Reached skill level 15 in Conjurations
 45243 | Spider:4 | Reached skill level 15 in Hexes
 45243 | Spider:4 | Reached skill level 15 in Summonings
 45243 | Spider:4 | Reached skill level 15 in Necromancy
 45243 | Spider:4 | Reached skill level 15 in Translocations
 45243 | Spider:4 | Reached skill level 15 in Fire Magic
 45243 | Spider:4 | Reached skill level 15 in Ice Magic
 45243 | Spider:4 | Reached skill level 15 in Air Magic
 45243 | Spider:4 | Reached skill level 15 in Earth Magic
 45243 | Spider:4 | Reached skill level 15 in Alchemy
 45764 | Spider:4 | Identified the +0 hat of Her Uden {Regen+}
 45822 | Spider:4 | Got a gossamer rune of Zot
 46036 | Shoals:1 | Entered Level 1 of the Shoals
 46104 | Shoals:1 | Noticed Frances
 46201 | Shoals:1 | Noticed Jorgrun
 46235 | Shoals:1 | Killed Jorgrun
 46390 | Shoals:1 | Killed Frances
 46557 | Shoals:1 | Reached XP level 19. HP: 140/159 MP: 0/0
 46557 | Shoals:1 | Learned a level 6 spell: Summon Cactus Giant
 46805 | Shoals:1 | You are sucked into a shaft and drop 1 floor!
 46805 | Shoals:2 | Noticed Mlioglotl
 46814 | Shoals:2 | HP: 14/160 [Mlioglotl (10)]
 46875 | Shoals:2 | Noticed Ilsuiw
 46901 | Shoals:2 | Killed Ilsuiw
 47021 | Shoals:1 | Reached skill level 15 in Shields
 47287 | Shoals:1 | Reached **** piety under Ashenzari
 47535 | Shoals:1 | Killed Mlioglotl
 47630 | Shoals:2 | Reached skill level 8 in Dodging
 47661 | Shoals:2 | Reached skill level 20 in Fighting
 48149 | Shoals:3 | Found Sycweami's Distillery.
 48555 | Shoals:3 | Found Teyh's Book Shoppe.
 48683 | Shoals:3 | Found Zefaw's Antique Weapon Boutique.
 48691 | Shoals:3 | Bought a steaming falchion for 232 gold pieces
 48691 | Shoals:3 | Identified the +1 falchion "Killer Klown's Doom" {distort,
                  | rElec Int+5} (You bought it in a shop on level 3 of the
                  | Shoals)
 48794 | Shoals:3 | Found Qom Pouloh's Armour Shoppe.
 48959 | Shoals:3 | Reached skill level 9 in Dodging
 49266 | Shoals:4 | Entered Level 4 of the Shoals
 49590 | Shoals:4 | Paralysed by an air elemental for 1 turns
 49594 | Shoals:4 | Paralysed by an air elemental for 1 turns
 50166 | Shoals:4 | Noticed Polyphemus
 50185 | Shoals:4 | Killed Polyphemus
 50388 | Shoals:4 | Identified the serpent talisman of the Comet {Will+ Stlth+}
 50388 | Shoals:4 | Noticed Aizul
 50413 | Shoals:3 | Killed Aizul
 50645 | Shoals:4 | Paralysed by an air elemental for 1 turns
 50662 | Shoals:4 | Reached skill level 10 in Dodging
 50662 | Shoals:4 | Reached skill level 16 in Spellcasting
 50662 | Shoals:4 | Reached skill level 16 in Conjurations
 50662 | Shoals:4 | Reached skill level 16 in Hexes
 50662 | Shoals:4 | Reached skill level 16 in Summonings
 50662 | Shoals:4 | Reached skill level 16 in Necromancy
 50662 | Shoals:4 | Reached skill level 16 in Translocations
 50662 | Shoals:4 | Reached skill level 16 in Fire Magic
 50662 | Shoals:4 | Reached skill level 16 in Ice Magic
 50662 | Shoals:4 | Reached skill level 16 in Air Magic
 50662 | Shoals:4 | Reached skill level 16 in Earth Magic
 50662 | Shoals:4 | Reached skill level 16 in Alchemy
 50826 | Shoals:4 | Reached XP level 20. HP: 163/173 MP: 0/0
 50917 | Shoals:4 | Paralysed by an air elemental for 1 turns
 51051 | Shoals:4 | Paralysed by an air elemental for 1 turns
 51379 | Shoals:4 | Paralysed by an air elemental for 1 turns
 51647 | Shoals:4 | Identified the +12 lajatang of Terror {freeze, rN+ Str+3}
 51849 | Shoals:4 | Got a barnacled rune of Zot
 52307 | Lair:5   | Reached skill level 11 in Dodging
 52422 | Lair:5   | Found a burning altar of Makhleb.
 52581 | Lair:5   | Found a gateway to Hell.
 52650 | Lair:5   | You are cast into the Abyss!
 52650 | Abyss:4  | Found a corrupted altar of Lugonu.
 52650 | Abyss:4  | Cast into level 4 of the Abyss (unwielding a weapon of
                  | distortion)
 52661 | Abyss:4  | Found a corrupted altar of Lugonu.
 52681 | Abyss:4  | Found a corrupted altar of Lugonu.
 52681 | Abyss:4  | Found a corrupted altar of Lugonu.
 52681 | Abyss:4  | Found a corrupted altar of Lugonu.
 52758 | Abyss:4  | Found a corrupted altar of Lugonu.
 52759 | Abyss:4  | Found a corrupted altar of Lugonu.
 52780 | Abyss:4  | Found a corrupted altar of Lugonu.
 52873 | Abyss:4  | Found a corrupted altar of Lugonu.
 52923 | Abyss:4  | Found a corrupted altar of Lugonu.
 52930 | Lair:5   | You pass through the gate.
 52930 | Lair:5   | Escaped the Abyss
 53105 | Shoals:3 | Bought a potion of mutation for 136 gold pieces
 53304 | Slime:1  | Entered Level 1 of the Pits of Slime
 53320 | Slime:1  | HP: 13/133 [quicksilver ooze (8)]
 53325 | Slime:1  | HP: 6/133 [quicksilver ooze (7)]
 53327 | Slime:1  | Slain by a quicksilver ooze

Vanquished Creatures
  Nikola (Spider:2)
  Mlioglotl (Shoals:1)
  Jorgrun (Shoals:1)
  Frances (Shoals:1)
  2 krakens (Shoals:2)
  Polyphemus (Shoals:4)
  Ilsuiw (Shoals:2)
  Aizul (Shoals:3)
  A storm dragon (Shoals:4)
  4 ghost moths
  2 emperor scorpions (Spider:4)
  4 broodmothers
  Nessos (Lair:5)
  2 spark wasps (Spider:4)
  A minotaur (Gauntlet)
  Azrael (D:12)
  9 merfolk javelineers
  An ettin (D:12)
  4 entropy weavers
  12 merfolk impalers
  A vault guard (D:14)
  4 hydras
  2 jorogumos
  A great orb of eyes (Gauntlet)
  Erolcha (D:11)
  3 radroaches
  7 centaur warriors
  3 catoblepae
  3 merfolk avatars
  Erica (D:8)
  10 death yaks
  A satyr (Shoals:4)
  5 merfolk aquamancers (Shoals:4)
  3 two-headed ogres
  An alligator snapping turtle (Shoals:3)
  2 tengu warriors
  6 demonic crawlers
  3 death scarabs
  3 orc high priests (Orc:2)
  An occultist (Lair:5)
  Amaemon (D:8)
  6 skysharks
  2 skeletal warriors
  2 pharaoh ants
  7 orb spiders
  A sixfirhy (Lair:5)
  7 sea snakes
  2 sun moths
  3 lindwurms
  3 steelbarb worms
  6 orc knights (Orc:2)
  6 harpies
  16 wolf spiders
  6 fauns
  4 oklob plants
  2 ugly things
  4 orc sorcerers (Orc:2)
  Maurice (D:6)
  9 manticores
  8 elephants
  3 kobold blastminers (Orc:2)
  12 water nymphs
  4 moths of wrath
  10 cyclopes
  5 black mambas
  7 meliai
  10 merfolk sirens
  6 kobold demonologists
  Maggie (D:7)
  An orange demon (D:8)
  A torpor snail (Spider:2)
  6 rime drakes
  An unseen horror (D:12)
  11 cane toads
  9 komodo dragons
  7 ice devils
  2 tengu conjurers
  3 redback zombies (Spider:1)
  A queen bee (D:9)
  Psyche (D:7)
  3 trolls
  9 wind drakes
  A hellwing (Lair:5)
  44 merfolk
  7 polar bears
  26 tarantellas
  3 hornets (Lair:4)
  A culicivora zombie (Spider:2)
  Grinder (D:3)
  12 blink frogs
  25 dream sheep
  8 snapping turtles
  2 spectral black mambas (Gauntlet)
  12 spriggans (Lair:4)
  24 jumping spiders
  6 slime creatures (D:14)
  Sigmund (D:4)
  10 air elementals
  21 culicivoras
  A spriggan (shapeshifter) (D:14)
  4 wyverns
  86 yaks
  13 water elementals
  A wraith (D:10)
  2 fire elementals (D:12)
  2 steam dragons
  A basilisk (Lair:5)
  3 wargs
  2 vampire mosquitoes (D:13)
  40 redbacks
  12 water moccasins
  10 hell hounds
  13 orc warriors
  A sky beast (D:7)
  5 laughing skulls
  3 ogres
  6 boggarts
  7 wolves
  12 centaurs
  A phantom (D:5)
  9 kobold brigands
  8 bullfrogs
  A komodo dragon zombie (Lair:4)
  A gnoll sergeant (D:11)
  2 scorpions (D:5)
  14 wights
  13 yak zombies
  A killer bee (shapeshifter) (Spider:3)
  21 killer bees (D:9)
  3 howler monkeys (D:7)
  2 bombardier beetles
  A wolf zombie (Lair:3)
  15 orc priests
  2 gnoll boudas
  A hound (D:5)
  5 hell rats (Lair:2)
  2 iguanas
  22 orc wizards
  A hell rat zombie (Lair:2)
  6 adders
  15 gnolls
  A shadow imp (D:6)
  2 white imps (Gauntlet)
  2 ufetubi (D:7)
  2 ribbon worms
  45 orcs
  4 endoplasms
  4 giant cockroaches
  2 goblins
  4 hobgoblins
  3 jackals (D:1)
  13 kobolds
  3 quokkas
  6 ball pythons
  4 bats
  3 frilled lizards
  2 goblin skeletons (D:6)
  3 hobgoblin zombies (D:6)
  A kobold skeleton (D:6)
  A kobold zombie (D:6)
  2 orc skeletons (D:6)
  A rat (D:1)
  A butterfly (Lair:5)
  5 tentacles (Shoals:2)
1009 creatures vanquished.

Vanquished Creatures (collateral kills)
  An entropy weaver (Spider:2)
  A two-headed ogre (D:9)
  4 wolf spiders
  A moth of wrath (Spider:2)
  An elephant (Lair:4)
  2 cane toads
  2 blink frogs
  2 jumping spiders
  A wyvern (Lair:2)
  8 yaks
  5 redbacks
  A water moccasin (Lair:3)
  A wolf (Lair:3)
  4 centaurs
  A wight (D:9)
  10 killer bees (D:9)
  2 orc wizards
  A gnoll (D:10)
  3 orcs
  15 foxfires
66 creatures vanquished.

Vanquished Creatures (others)
  4 manticores
  A redback zombie (Spider:1)
  A merfolk (Shoals:4)
  A culicivora zombie (Spider:2)
  2 water elementals (Shoals:4)
  A fire bat (Abyss:4)
  2 blink frog zombies (Lair:3)
  2 wyvern zombies (D:9)
  A water moccasin zombie (Lair:4)
  A queen bee zombie (D:9)
  8 yak zombies
  2 bullfrog zombies
  3 centaur zombies
  10 killer bee zombies (D:9)
  A steam dragon zombie (D:9)
  3 orc zombies (D:10)
  1238 foxfires
  7 tentacles (Shoals:2)
1288 creatures vanquished.

Grand Total: 2363 creatures vanquished

Table legend: (Time is in decaauts)
 A = Elapsed time spent in this place.
 B = Non-inter-level travel time spent in this place.
 C = Inter-level travel time spent in this place.
 D = Time resting spent in this place.
 E = Time spent auto-exploring this place.
 F = Levels seen in this place.
 G = Mean time per level.
                   A        B        C        D        E       F      G
               +--------+--------+--------+--------+--------+-----+--------+
         Total |  53371 |  50885 |   2486 |  23295 |  14991 |  33 | 1617.3 |
       Dungeon |  18380 |  17695 |    685 |   6780 |   7500 |  14 | 1312.9 |
        Temple |     44 |     44 |      0 |      0 |      0 |   1 |   44.0 |
          Lair |  15114 |  14177 |    937 |   7532 |   3326 |   5 | 3022.8 |
        Shoals |   6117 |   5901 |    216 |   1802 |   1710 |   4 | 1529.2 |
   Spider Nest |   8813 |   8432 |    381 |   4626 |   1808 |   4 | 2203.2 |
    Slime Pits |     22 |     22 |      0 |      0 |      0 |   1 |   22.0 |
  Orcish Mines |   3825 |   3562 |    263 |   2045 |    647 |   2 | 1912.5 |
         Abyss |    248 |    248 |      0 |      8 |      0 |   1 |  248.0 |
      Gauntlet |    804 |    804 |      0 |    501 |      0 |   1 |  804.0 |
               +--------+--------+--------+--------+--------+-----+--------+

Top non-repeatable levels by time:
  Lair:4: 4410 daAuts
  Lair:5: 4347 daAuts
   Orc:2: 3454 daAuts
Spider:1: 3408 daAuts
Spider:2: 3172 daAuts
    D:12: 3028 daAuts
Shoals:4: 2662 daAuts
     D:7: 2481 daAuts
  Lair:3: 2475 daAuts
  Lair:2: 2130 daAuts
  Lair:1: 1752 daAuts
    D:11: 1536 daAuts
Spider:4: 1422 daAuts
    D:14: 1413 daAuts
    D:13: 1410 daAuts

Table legend:
 A = Non-vault XP
 B = Vault XP
 C = Vault XP percentage of total XP
 D = Non-vault monster count
 E = Vault monster count
 F = Vault count percentage of total count
                 A         B        C        D         E       F
            +---------+---------+-------+---------+---------+-------
      Total |  205394 |  118219 |  36.5 |     744 |     297 |  28.5
            +---------+---------+-------+---------+---------+-------
        D:1 |      25 |       0 |   0.0 |      17 |       0 |   0.0
        D:2 |      13 |       0 |   0.0 |       7 |       0 |   0.0
        D:3 |      80 |     267 |  76.9 |       7 |       1 |  12.5
        D:4 |     181 |     223 |  55.2 |      19 |       1 |   5.0
        D:5 |     677 |       0 |   0.0 |      14 |       0 |   0.0
        D:6 |     621 |     518 |  45.5 |       9 |      11 |  55.0
        D:7 |    2263 |     739 |  24.6 |      33 |       3 |   8.3
        D:8 |     635 |    1999 |  75.9 |      14 |       3 |  17.6
        D:9 |    4761 |    1941 |  29.0 |      35 |      27 |  43.5
       D:10 |    2484 |       0 |   0.0 |      21 |       0 |   0.0
       D:11 |    4815 |    1393 |  22.4 |      32 |      10 |  23.8
       D:12 |    3957 |    2249 |  36.2 |      20 |       9 |  31.0
       D:13 |    7296 |       0 |   0.0 |      14 |       0 |   0.0
       D:14 |    9011 |    1804 |  16.7 |      25 |       2 |   7.4
     Lair:1 |    8504 |     445 |   5.0 |      36 |       4 |  10.0
     Lair:2 |    3982 |       0 |   0.0 |      19 |       0 |   0.0
     Lair:3 |   11890 |    1887 |  13.7 |      37 |       8 |  17.8
     Lair:4 |   16460 |    8672 |  34.5 |      45 |      27 |  37.5
     Lair:5 |    9987 |   11704 |  54.0 |      38 |      27 |  41.5
   Shoals:1 |   15289 |    5048 |  24.8 |      33 |       3 |   8.3
   Shoals:2 |   10804 |    7205 |  40.0 |      20 |      11 |  35.5
   Shoals:3 |    7071 |    8213 |  53.7 |      17 |      16 |  48.5
   Shoals:4 |   21364 |   29656 |  58.1 |      48 |      57 |  54.3
   Spider:1 |   14005 |       0 |   0.0 |      41 |       0 |   0.0
   Spider:2 |   14739 |    3829 |  20.6 |      43 |       3 |   6.5
   Spider:3 |   14454 |     901 |   5.9 |      28 |       2 |   6.7
   Spider:4 |   16163 |   15093 |  48.3 |      36 |      35 |  49.3
      Orc:1 |    1126 |       0 |   0.0 |      19 |       0 |   0.0
      Orc:2 |    2737 |    8813 |  76.3 |      17 |      24 |  58.5
    Abyss:4 |       0 |     490 | 100.0 |       0 |       1 | 100.0
   Gauntlet |       0 |    5130 | 100.0 |       0 |      12 | 100.0
            +---------+---------+-------+---------+---------+-------
